 Dungeon Crawl Stone Soup version 0.23.2-30-g0e89c35649 (webtiles) character file.

Game seed: 12864489216895376352

101 PentaManta the Shield-Bearer (level 4, -8/28 HPs)
             Began as a Gargoyle Fighter on June 8, 2019.
             Mangled by an orc warrior
             ... wielding a +0 hand axe
              (10 damage)
             ... on level 3 of the Dungeon.
             The game lasted 00:02:51 (1604 turns).

PentaManta the Shield-Bearer (Gargoyle Fighter)     Turns: 1604, Time: 00:02:52

Health: -8/28      AC: 10    Str: 25    XL:     4   Next: 75%
Magic:  4/4        EV:  9    Int:  9    God:
Gold:   172        SH:  4    Dex:  9    Spells: 3/3 levels left

rFire    . . .     SeeInvis .   a - +0 war axe
rCold    . . .     Gourm    .   u - +0 buckler
rNeg     + + .     Faith    .   b - +0 scale mail
rPois    ∞         Spirit   .   (no helmet)
rElec    +         Reflect  .   (no cloak)
rCorr    .         Harm     .   (no gloves)
MR       .....                  (no boots)
Stlth    ..........             (no amulet)
HPRegen  0.09/turn              v - ring of wizardry
MPRegen  0.09/turn              w - ring of positive energy

@: mighty
A: negative energy resistance 1, electricity resistance, unbreathing,
petrification resistance, rot immunity, AC +3
a: no special abilities


You were on level 3 of the Dungeon.
You were hungry.

You visited 1 branch of the dungeon, and saw 3 of its levels.

You collected 172 gold pieces.

Inventory:

Hand Weapons
 a - a +0 war axe (weapon)
Armour
 b - a +0 scale mail (worn)
 c - a +0 shield
 u - a +0 buckler (worn)
Jewellery
 v - a ring of wizardry (left hand)
 w - a ring of positive energy (right hand)
Scrolls
 g - 2 scrolls of remove curse {unknown}
 h - a scroll of enchant weapon {unknown}
 i - 2 scrolls of identify {unknown}
 j - a scroll of teleportation {unknown}
 k - a scroll of fear {unknown}
 n - a scroll of random uselessness {unknown}
 o - 2 scrolls of blinking {unknown}
 r - a scroll of enchant armour {unknown}
 s - a scroll of fog {unknown}
 t - a scroll of immolation {unknown}
 x - a scroll of noise {unknown}
Potions
 d - a potion of might
 e - 2 potions of cancellation {unknown}
 l - 2 potions of haste {unknown}
 m - a potion of heal wounds {unknown}
 p - a potion of curing {unknown}
 q - a potion of agility {unknown}
Comestibles
 f - 3 rations


   Skills:
 - Level 3.2 Fighting
 * Level 3.7 Axes
 - Level 3.2 Armour
 + Level 4.2 Shields


You had 3 spell levels left.
You didn't know any spells.
Your spell library was empty.

Dungeon Overview and Level Annotations

Branches:
Dungeon (3/15)

Altars:
Elyvilon
Gozag
Nemelex Xobeh
Ru
Sif Muna


Innate Abilities, Weirdness & Mutations

You are resistant to torment.
Your stone body is resilient. (AC +3)
You are immune to poison.
You resist negative energy. (rN+)
You are resistant to electric shocks. (rElec)
You can survive without breathing.
You are immune to petrification.
You are immune to rotting.


Message History

You miss the adder. The adder bites you. x2
You slice the adder!!
You kill the adder!
The bat hits you but does no damage.
You barely miss the orc warrior. You block the orc warrior's attack.
You hit the orc warrior.
The orc warrior is lightly wounded.
The orc warrior hits you with a +0 hand axe!
The orc warrior hits you with a +0 hand axe.
* * * LOW HITPOINT WARNING * * *
You barely miss the orc warrior.
The orc warrior is lightly wounded.
The orc warrior hits you with a +0 hand axe.
* * * LOW HITPOINT WARNING * * *
You block the bat's attack.
You hit the orc warrior but do no damage.
The orc warrior is lightly wounded.
The bat hits you but does no damage.
The orc warrior hits you with a +0 hand axe!
You die...

#. #. #. ########### ###
#. ........))(. .... #.
....[.....### .....#.
..........# .....oo#####
..........# #.o.o.#
.........##
###.###@######........#
......b...............#
###.###.######........##
..[.....................
..#.###.###........###.#
#. #.# #.####.### #.# #.
#.# #...##..# #.# #.#
##....#.# #.# #.#
#....#.# #.#


You could see an orc warrior, 3 orcs and a bat.

Vanquished Creatures
  4 adders (D:3)
  6 worms
  A dart slug (D:2)
  A leopard gecko (D:2)
  3 orcs (D:3)
  2 ball pythons
  6 bats
  3 giant cockroaches
  3 goblins
  4 hobgoblins
  3 kobolds
  5 frilled lizards
  A rat (D:2)
42 creatures vanquished.

Notes
Turn   | Place    | Note
-------+----------+-------------------------------------------
     0 | D:1      | PentaManta the Gargoyle Fighter began the quest for the
                  | Orb.
     0 | D:1      | Reached XP level 1. HP: 14/14 MP: 1/1
   124 | D:1      | Reached XP level 2. HP: 19/19 MP: 2/2
   688 | D:2      | Found a white marble altar of Elyvilon.
   716 | D:2      | Reached XP level 3. HP: 20/23 MP: 3/3
  1116 | D:3      | Found a sparkling altar of Nemelex Xobeh.
  1131 | D:3      | Found a deep blue altar of Sif Muna.
  1292 | D:3      | Reached skill level 4 in Shields
  1320 | D:3      | Reached XP level 4. HP: 28/28 MP: 4/4
  1423 | D:3      | Found a sacrificial altar of Ru.
  1488 | D:3      | Found an opulent altar of Gozag.
  1584 | D:3      | Noticed an orc warrior
  1604 | D:3      | Mangled by an orc warrior

Skill      XL: |  1  2  3 |
---------------+----------+-----
Axes           | 2 3 |  3.7
Shields        | 4 |  4.2
Fighting       | |  3.2
Armour         | |  3.2

Action                   |  1- 3 |  4- 6 || total
-------------------------+-------+-------++-------
Melee: War axe           |   114 |    56 ||   170
  Use: Potion            |       |     1 ||     1
  Eat: Chunk             |     1 |     1 ||     2
Armor: Scale mail        |    81 |    34 ||   115
Dodge: Dodged            |    48 |    29 ||    77
Block: Shield            |    67 |       ||    67
       Buckler           |     9 |    11 ||    20
